 Dungeon Crawl Stone Soup version 0.32-a0-571-gec57dfcd37 (webtiles) character file.

Game seed: 17135400180598522281

47 BeKind the Chiller (level 3, 0/24 HPs)
             Began as a Demonspawn Ice Elementalist on Mar 1, 2024.
             Was an Initiate of Ru.
             Frozen to death by an endoplasm (3 damage)
             ... on level 2 of the Dungeon.
             The game lasted 00:02:17 (1485 turns).

BeKind the Chiller (Demonspawn Ice Elementalist)    Turns: 1485, Time: 00:02:17

Health: 0/24       AC:  2    Str:  8    XL:     3   Next: 48%
Magic:  6/6        EV: 11    Int: 19    God:    Ru [......]
Gold:   105        SH:  4    Dex: 13    Spells: 2/6 levels left

rFire   . . .        g - +0 short sword
rCold   . . .        h - +0 buckler
rNeg    . . .        a - +0 robe
rPois   .            (no helmet)
rElec   .            (no cloak)
rCorr   .            (no gloves)
SInv    .            (no boots)
Will    .....        (no amulet)
Stlth   ++           (no ring)
HPRegen 0.24/turn    (no ring)
MPRegen 0.20/turn

%: no passive effects
@: no status effects
A: magic regeneration, big brain 1
a: Renounce Religion


You were on level 2 of the Dungeon.
You worshipped Ru.
Ru was noncommittal.
You visited 1 branch of the dungeon, and saw 2 of its levels.

You collected 105 gold pieces.

Inventory:

Hand Weapons
 g - a +0 short sword (weapon)
Armour
 a - a +0 robe (worn)
 h - a +0 buckler (worn)
Scrolls
 f - a scroll of enchant weapon {unknown}
Potions
 b - 2 potions of magic
 c - 2 potions of attraction {unknown}
 d - 3 potions of curing {unknown}
 e - a potion of enlightenment {unknown}


   Skills:
 + Level 2.3 Dodging
 + Level 2.4 Stealth
 + Level 0.2 Shields
 + Level 2.4 Spellcasting
 + Level 3.9 Ice Magic


You had 2 spell levels left.
You knew the following spells:

 Your Spells              Type           Power      Damage    Failure   Level
a - Freeze                Ice            68%        1d8       5%          1
b - Frozen Ramparts       Ice            34%        1d6       16%         3

Your spell library contained the following spells:

 Spells                   Type           Power      Damage    Failure   Level
 Ensorcelled Hibernation  Hex/Ice        18%        N/A       17%         2
 Cigotuvi's Dreadful Rot  Necr/Alch/Air  4%         N/A       36%         2
 Ozocubu's Armour         Ice            17%        N/A       16%         3
 Summon Ice Beast         Ice/Summ       9%         N/A       34%         3
 Fugue of the Fallen      Necr           2%         N/A       61%         3
 Inner Flame              Hex/Fire       2%         N/A       61%         3
 Anguish                  Hex/Necr       1%         N/A       95%         4
 Irradiate                Conj/Alch      1%         3d12      100%        5
 Iskenderun's Battlesphe  Conj           2%         2d6       100%        5
 Starburst                Conj/Fire      1%         6d3       100%        6
 Malign Gateway           Summ/Tloc      1%         N/A       100%        7
 Ignition                 Fire           1%         3d3       100%        8
 Summon Horrible Things   Summ           1%         N/A       100%        8


Dungeon Overview and Level Annotations

Branches:
Dungeon (2/15)

Altars:
Kikubaaqudgha
Ru


Innate Abilities, Weirdness & Mutations

You regenerate magic rapidly.
You have an unusually large brain. (Int +2)


Message History

You are too injured to fight recklessly!
You are too injured to fight recklessly!
You are too injured to fight recklessly!
You are too injured to fight recklessly!
You are too injured to fight recklessly!
You are too injured to fight recklessly!
You are too injured to fight recklessly!
You are too injured to fight recklessly!
You are too injured to fight recklessly!
You are too injured to fight recklessly!
You are too injured to fight recklessly!
You are too injured to fight recklessly!
You are too injured to fight recklessly!
You are too injured to fight recklessly!
You miss the adder.
You feel sick.
You are no longer poisoned.
The adder bites you.
* * * LOW HITPOINT WARNING * * *
The endoplasm hits you.
* * * LOW HITPOINT WARNING * * *
You hit the adder.
The adder is moderately wounded.
The adder bites you.
* * * LOW HITPOINT WARNING * * *
The endoplasm closely misses you. The adder bites you.
* * * LOW HITPOINT WARNING * * *
You hit the adder.
The adder is severely wounded.
You block the adder's attack. The endoplasm closely misses you.
You barely miss the adder.
The adder is severely wounded.
The adder barely misses you. The endoplasm barely misses you.
The adder bites you.
* * * LOW HITPOINT WARNING * * *
You closely miss the adder.
The adder is severely wounded.
The endoplasm freezes you.
You are frozen.
You die...
Ru respects your ultimate sacrifice.

#.......#
####.#####.##.......#
#........>..#.......###
#..... #...............
#..... #..#.###........
#..... #...............
#.....##..#...........♣
#....S..........#.#...♣
#....@.....$.....##...
#...J##........####...
..............).........
....###.....####....####
... #.....# #....# ##
#...... ...#..# #.....##
##.#..### #.....# .#
.... .


You could see an adder and an endoplasm.

Vanquished Creatures
  2 dart slugs
  3 bats
  6 endoplasms (D:1)
  3 giant cockroaches (D:1)
  4 goblins
  6 hobgoblins
  3 jackals (D:2)
  2 frilled lizards (D:1)
  6 kobolds
  2 rats
37 creatures vanquished.

Notes
Turn   | Place    | Note
-------+----------+-------------------------------------------
     0 | D:1      | BeKind the Demonspawn Ice Elementalist began the quest for
                  | the Orb.
     0 | D:1      | Reached XP level 1. HP: 13/13 MP: 3/3
     3 | D:1      | Noticed an electric eel
     4 | D:1      | Noticed an electric eel
   385 | D:1      | Gained mutation: You regenerate magic rapidly. [demonic
                  | ancestry]
   385 | D:1      | Reached XP level 2. HP: 19/19 MP: 1/5
   716 | D:1      | Gained mutation: You have an unusually large brain. (Int
                  | +2) [demonic ancestry]
   716 | D:1      | Reached XP level 3. HP: 21/24 MP: 3/6
   962 | D:2      | Found a faded altar of an unknown god.
   982 | D:2      | Prayed at the altar of an unknown god.
   982 | D:2      | Became a worshipper of Ru the Awakened
  1025 | D:2      | Got Ciohuast's Enchiridion on Ruinous Conduction
  1047 | D:2      | Learned a level 3 spell: Frozen Ramparts
  1327 | D:2      | Found an ancient bone altar of Kikubaaqudgha.
  1485 | D:2      | Frozen to death by an endoplasm

Illustrated notes

Levels and vault maps discovered:
D:1:      arrival_aquarium_b, layout_loops_ring
D:2:      layout_basic, hellmonk_ecumenical_altar_heavens_door, basic_altar,
          chequers_garden

Skill      XL: |  1 |
---------------+----+-----
Dodging        | 2 |  2.3
Stealth        | 2 |  2.4
Shields        | |  0.2
Spellcasting   | |  2.4
Ice Magic      | |  3.9

Action                     || total
---------------------------++-------
  Melee: Unarmed           ||     5
         Punch             ||     1
         Short sword       ||    62
   Cast: Freeze            ||    37
 Invoke: Reject Sacrifices ||     1
   Stab: Sleeping          ||     4
 Armour: Robe              ||    40
  Dodge: Dodged            ||    49
  Block: Buckler           ||     6

Table legend: (Time is in decaauts)
 A = Elapsed time spent in this place.
 B = Non-inter-level travel time spent in this place.
 C = Inter-level travel time spent in this place.
 D = Time resting spent in this place.
 E = Time spent auto-exploring this place.
 F = Levels seen in this place.
 G = Mean time per level.
                   A        B        C        D        E       F      G
               +--------+--------+--------+--------+--------+-----+--------+
         Total |   1486 |   1422 |     64 |      0 |   1172 |   2 |  743.0 |
       Dungeon |   1486 |   1422 |     64 |      0 |   1172 |   2 |  743.0 |
               +--------+--------+--------+--------+--------+-----+--------+

Top non-repeatable levels by time:
     D:1: 925 daAuts
     D:2: 561 daAuts
